 Dungeon Crawl Stone Soup version 0.30.0-15-g856e2d3f33 (webtiles) character file.

Game seed: 9181333449753362946

2646 rundlesten the Severer (level 9, -28/71 HPs)
             Began as a Minotaur Berserker on May 19, 2023.
             Was a Priest of Trog.
             Annihilated by an orc warrior
             ... wielding a +0 bardiche
              (30 damage)
             ... in a bailey.
             The game lasted 00:45:24 (6570 turns).

rundlesten the Severer (Minotaur Berserker)         Turns: 6570, Time: 00:45:24

Health: -28/71     AC: 16    Str: 25    XL:     9   Next: 35%
Magic:  8/8        EV:  5    Int:  4    God:    Trog [***...]
Gold:   434        SH:  0    Dex: 17    Spells: 8/8 levels left

rFire   . . .        J - +0 war axe
rCold   . . .        q - orb {mayhem}
rNeg    . . .        n - +0 crystal plate armour
rPois   .            (helmet restricted)
rElec   .            (no cloak)
rCorr   .            (no gloves)
SInv    .            t - +0 pair of boots
Will    .....        a - amulet of the acrobat Stlth
                     w - +4 ring of slaying
HPRegen 0.31/turn    e - +6 ring of dexterity
MPRegen 0.11/turn

%: mayhem, acrobat
@: no status effects
A: horns 2, retaliatory headbutt
a: Renounce Religion, Berserk, Trog's Hand


You were in a bailey.
You worshipped Trog.
Trog was most pleased with you.
You visited 1 branch of the dungeon, and saw 7 of its levels.
You also visited: Bailey.

You collected 472 gold pieces.
You spent 38 gold pieces at shops.

Inventory:

Hand Weapons
 J - a +0 war axe (weapon)
Missiles
 F - a throwing net (quivered)
Armour
 f - a +2 ring mail of fire resistance
 n - a +0 crystal plate armour (worn)
 q - an orb of mayhem (worn)
 t - a +0 pair of boots (worn)
 x - the +0 robe of Mental Paralysis {rF++ Will- Str+3 Int+2}
   (You found it on level 3 of the Dungeon)

   Str:       It affects your strength (+3).
   Int:       It affects your intelligence (+2).
   rF:        It greatly protects you from fire.
   Will:      It decreases your willpower.
 C - an orb of wrath
Jewellery
 a - an amulet of the acrobat (around neck)
 d - a ring of ice
 e - a +6 ring of dexterity (right hand)
 i - a ring of resist corrosion
 m - a +5 ring of evasion
 w - a +4 ring of slaying (left hand)
Scrolls
 b - 2 scrolls of fog
 l - a scroll of identify
 o - a scroll of immolation {unknown}
 p - 2 scrolls of magic mapping
 v - 3 scrolls of teleportation
 y - a scroll of poison {unknown}
 E - a scroll of fear {unknown}
 H - 2 scrolls of enchant weapon {unknown}
 I - a scroll of enchant armour {unknown}
Potions
 c - 2 potions of might
 g - a potion of invisibility {unknown}
 h - 2 potions of curing
 j - 2 potions of lignification
 k - a potion of attraction {unknown}
 r - a potion of heal wounds
 s - a potion of flight {unknown}
 u - a potion of cancellation
 z - a potion of mutation {unknown}
 A - a potion of magic {unknown}
 B - a potion of brilliance {unknown}
 D - a potion of haste
 G - a potion of ambrosia {unknown}


   Skills:
 - Level 4.0 Fighting
 + Level 15.1 Axes
 - Level 2.9 Armour
 - Level 2.5 Dodging


You had 8 spell levels left.
You didn't know any spells.
Your spell library was empty.

Dungeon Overview and Level Annotations

Branches:
Dungeon (7/15)             Temple (0/1) D:5          Bailey (1/1)

Altars:
Gozag
Kikubaaqudgha
Makhleb
Okawaru
Qazlal
Vehumet
Wu Jian

Shops:
D:5 [   D:6 (


Innate Abilities, Weirdness & Mutations

You have a pair of horns on your head.
You reflexively headbutt those who attack you in melee.


Message History

The orc warrior is heavily wounded.
The orc warrior hits you with a +0 halberd!
You hit the orc warrior. Your headbutt misses the orc warrior.
The orc warrior is heavily wounded.
The orc warrior hits you from afar with a +0 bardiche.
The orc warrior barely misses you. You furiously retaliate!
You headbutt the orc warrior! You slash the orc warrior!
You kill the orc warrior!
Trog accepts your kill.
The orc warrior flies into a frenzy!
The orc warrior closely misses the orc.
The orc hits you but does no damage.
The orc warrior hits the orc from afar with a +0 bardiche!!
The orc dies!
Trog accepts your kill. The orc warrior closely misses you.
Things that are here:
a +0 halberd; a +0 plate armour; an orc corpse The orc warrior completely misses you.
Things that are here:
a +0 trident; a +0 scale mail The orc warrior hits you with a +0 bardiche!
The orc warrior misses you.
You hit the orc warrior.
The orc warrior is lightly wounded.
The orc warrior hits you with a +0 bardiche!!
You hit the orc warrior but do no damage.
Your headbutt misses the orc warrior.
The orc warrior is lightly wounded.
The orc warrior hits you with a +0 bardiche.
You hit the orc warrior.
The orc warrior is moderately wounded.
An orc comes into view. It is wielding a +0 trident.
The orc warrior hits you with a +0 bardiche!!
* * * LOW HITPOINT WARNING * * *
The orc shouts!
You hit the orc warrior but do no damage.
The orc warrior is moderately wounded.
The orc warrior hits you with a +0 bardiche!!
You die...

#.≈≈.≈.≈≈≈≈≈.≈.≈≈.#
##.≈.≈≈...).≈≈.≈.##.o≈#
)#.≈≈.≈≈≈.≈≈≈.≈≈.#⌠..≈#
.#..≈≈..≈.≈).≈≈..#...≈#
.#.⌠.≈≈≈...≈≈≈.⌠.#...≈#
.##....≈≈≈≈≈....##...≈#
..#####.....#####....≈#
.....⌠#######⌠..o....#
................@...#
...............))..##
########+++#########


You could see an orc and a neutral orc warrior (fast, strong, insane).

Vanquished Creatures
  3 water moccasins
  4 orc warriors (Bailey)
  3 ice beasts
  A centaur (Bailey)
  A phantom (D:7)
  3 scorpions
  5 wights (D:7)
  An electric eel (D:6)
  A howler monkey (D:7)
  A crimson imp (D:4)
  3 hounds
  A jelly (D:6)
  4 orc priests
  A sleepcap (D:5)
  5 iguanas
  Natasha (thrice) (D:3)
  Terence (D:2)
  6 orc wizards
  4 gnolls
  10 adders
  2 white imps
  2 ufetubi
  A worm (D:2)
  2 dart slugs (D:3)
  22 orcs
  7 ball pythons
  10 bats
  9 endoplasms
  A giant cockroach (D:3)
  11 goblins
  6 hobgoblins
  5 kobolds (D:2)
  4 quokkas
  A frilled lizard (D:1)
  4 rats
148 creatures vanquished.

Vanquished Creatures (collateral kills)
  An orc priest (D:7)
  An adder (D:5)
  5 orcs
  A hobgoblin (D:4)
  A kobold (D:3)
9 creatures vanquished.

Vanquished Creatures (others)
  2 orcs
2 creatures vanquished.

Grand Total: 159 creatures vanquished

Notes
Turn   | Place    | Note
-------+----------+-------------------------------------------
     0 | D:1      | rundlesten the Minotaur Berserker began the quest for the
                  | Orb.
     0 | D:1      | Reached XP level 1. HP: 19/19 MP: 0/0
    72 | D:1      | Reached XP level 2. HP: 26/27 MP: 1/1
   222 | D:1      | Found a faded altar of an unknown god.
  1509 | D:2      | Noticed Terence
  1515 | D:2      | Killed Terence
  1516 | D:2      | Reached skill level 4 in Axes
  1516 | D:2      | Reached XP level 3. HP: 33/33 MP: 2/2
  1612 | D:2      | Reached skill level 5 in Axes
  1622 | D:2      | Reached XP level 4. HP: 40/40 MP: 3/3
  1826 | D:2      | Reached ** piety under Trog
  1852 | D:2      | Reached skill level 6 in Axes
  2246 | D:3      | Noticed Natasha
  2252 | D:3      | Killed Natasha
  2253 | D:3      | Reached XP level 5. HP: 46/46 MP: 4/4
  2429 | D:3      | Reached skill level 7 in Axes
  2621 | D:3      | Noticed Natasha
  2630 | D:3      | Killed Natasha
  2775 | D:3      | Noticed Natasha
  2787 | D:3      | Killed Natasha
  2788 | D:3      | Reached XP level 6. HP: 52/52 MP: 5/5
  2888 | D:3      | Identified the +0 robe of Mental Paralysis {rF++ Will-
                  | Str+3 Int+2}
  3120 | D:4      | Found a burning altar of Makhleb.
  3120 | D:4      | Found a radiant altar of Vehumet.
  3137 | D:4      | Reached skill level 8 in Axes
  3232 | D:4      | Found an opulent altar of Gozag.
  3385 | D:4      | Reached skill level 9 in Axes
  3624 | D:4      | Reached XP level 7. HP: 59/59 MP: 6/6
  3628 | D:4      | Reached *** piety under Trog
  3840 | D:4      | Found an ornate altar of the Wu Jian Council.
  3969 | D:5      | Entered Level 5 of the Dungeon
  3979 | D:5      | Found a staircase to the Ecumenical Temple.
  3981 | D:5      | Reached skill level 10 in Axes
  4011 | D:5      | Found a stormy altar of Qazlal.
  4078 | D:5      | Found Gemyhudgh's Antique Armour Shoppe.
  4091 | D:5      | Reached skill level 11 in Axes
  4268 | D:5      | Reached XP level 8. HP: 65/66 MP: 7/7
  4594 | D:5      | Found an iron altar of Okawaru.
  4993 | D:6      | Reached skill level 12 in Axes
  5337 | D:6      | Found Dyphapla's Weapon Emporium.
  5444 | D:6      | Bought a +0 war axe for 38 gold pieces
  5888 | D:7      | Reached skill level 13 in Axes
  6067 | D:7      | Identified the +9 spear of Twilight {heavy, rElec rF+
                  | Stlth-}
  6075 | D:7      | Reached skill level 14 in Axes
  6075 | D:7      | Reached XP level 9. HP: 52/71 MP: 8/8
  6077 | D:7      | Found an ancient bone altar of Kikubaaqudgha.
  6114 | D:7      | Found a flagged portal.
  6131 | Bailey   | Entered a bailey
  6304 | Bailey   | HP: 2/71 [orc warrior/+0 spear (19)]
  6310 | Bailey   | Reached skill level 15 in Axes
  6569 | Bailey   | HP: 2/71 [orc warrior/+0 bardiche (32)]
  6570 | Bailey   | Annihilated by an orc warrior

Illustrated notes

Levels and vault maps discovered:
D:1:      roderic_crop_circles_arrival_small, layout_basic,
          hellmonk_ecumenical_altar_arch_garden
D:2:      layout_rooms, minmay_fractal_squares_5, uniq_terence
D:3:      layout_basic, uniq_natasha
D:4:      layout_loops_ring, grunt_temple_overflow_lords_of_destruction,
          lemuel_tele_altar, nicolae_wu_jian_immortal_techniques
D:5:      layout_cave_pools, nicolae_qazlal_general_emergency,
          okawaru_gym_becter, minmay_temple_entry_grid, serial_shops, shop
D:6:      layout_loops_ring, serial_shops, nicolae_inconvenience_store,
          kennysheep_dice
D:7:      layout_loops_cross, kiku_gazebo_pond_becter, enter_bailey_2,
          minmay_misc_feat_encased, hangedman_decor_growths
Bailey:   bailey_polearm_flooded_kennysheep, bailey

Skill      XL: |  1  2  3  4  5  6  7  8  9 |
---------------+----------------------------+-----
Fighting       | 4 |  4.0
Axes           | 4 5 6 7 9 11 14 15 | 15.1
Armour         | |  2.9
Dodging        | |  2.5

Action                     |  1- 3 |  4- 6 |  7- 9 || total
---------------------------+-------+-------+-------++-------
  Melee: Hand axe          |    95 |   121 |    80 ||   296
         Headbutt          |    22 |    14 |    24 ||    60
         Punch             |     3 |       |       ||     3
         War axe           |       |       |    59 ||    59
 Invoke: Berserk           |     1 |     2 |     6 ||     9
         Trog's Hand       |       |     2 |     6 ||     8
    Use: Scroll            |     3 |     2 |     5 ||    10
         Potion            |       |     1 |     2 ||     3
   Stab: Distracted        |       |     1 |     1 ||     2
 Armour: Animal skin       |     1 |       |       ||     1
         Chain mail        |    10 |    62 |    34 ||   106
         Crystal plate arm |       |       |     1 ||     1
  Dodge: Dodged            |    40 |    97 |   121 ||   258
